 Dungeon Crawl Stone Soup version 0.29.1-15-g9cfb28693d (webtiles) character file.

Game seed: 5125701985379133466

34 protoss039 the Digger (level 3, 26/26 HPs)
             Began as a Demonspawn Earth Elementalist on Mar 4, 2023.
             Got out of the dungeon alive.
             The game lasted 00:01:49 (1857 turns).

protoss039 the Digger (DsEE)                        Turns: 1857, Time: 00:01:50

Health: 26/26      AC:  2    Str:  8    XL:     3   Next: 14%
Magic:  6/6        EV: 12    Int: 18    God:
Gold:   82         SH:  0    Dex: 13    Spells: 6/7 levels left

rFire   . . .      SeeInvis .   h - +0 club
rCold   . . .      Faith    .   (no shield)
rNeg    . . .      Spirit   .   a - +0 robe
rPois   .          Reflect  .   (helmet restricted)
rElec   .          Harm     .   (no cloak)
rCorr   .          Rampage  .   (no gloves)
Will    .....                   (no boots)
Stlth   ++........              (no amulet)
HPRegen 0.08/turn               (no ring)
MPRegen 0.10/turn               (no ring)

@: no status effects
A: horns 1
a: no special abilities


You escaped.
You visited 1 branch of the dungeon, and saw 2 of its levels.

You collected 82 gold pieces.

Inventory:

Hand Weapons
 h - a +0 club (weapon)
Armour
 a - a +0 robe (worn)
Scrolls
 e - a scroll of summoning {unknown}
 f - a scroll of brand weapon {unknown}
 g - a scroll of teleportation {unknown}
Potions
 b - a potion of magic
 c - a potion of flight {unknown}
 d - 2 potions of curing {unknown}


   Skills:
 + Level 1.4 Fighting
 - Level 1.7 Dodging
 - Level 1.7 Stealth
 + Level 2.5 Spellcasting
 - Level 0.8 Transmutations
 + Level 3.1 Earth Magic


You had 6 spell levels left.
You knew the following spells:

 Your Spells              Type           Power      Damage    Failure   Level
a - Sandblast             Erth           26%        2d8       4%          1

Your spell library contained the following spells:

 Spells                   Type           Power      Damage    Failure   Level
 Passwall                 Tmut/Erth      7%         N/A       12%         2
 Static Discharge         Conj/Air       2%         3-4/arc   26%         2
 Stone Arrow              Conj/Erth      14%        3d7       26%         3
 Petrify                  Tmut/Erth      9%         N/A       58%         4
 Dispel Undead            Necr           2%         3d7       86%         4
 Sticky Flame             Conj/Fire      2%         2d3       86%         4


Dungeon Overview and Level Annotations

Branches:
Dungeon (2/15) Zot: 10119

Altars:


Innate Abilities, Weirdness & Mutations

You have a pair of small horns on your head.


Message History

Aim: a rat (asleep, 100% to hit)
The blast of sand hits the rat.
You kill the rat!
Unknown command.
A ball python comes into view.
A ball python is nearby!
A ball python is nearby!
A ball python is nearby!
Casting: Sandblast (safe; 4% risk of failure)
Confirm with . or Enter, or press ? or * to list all spells.
Aiming: Sandblast (safe; 4% risk of failure)
Press: ? - help, Shift-Dir - straight line, f - ball python
Aim: a ball python (asleep, 100% to hit)
The blast of sand hits the ball python!
You kill the ball python!
Unknown command.
You see here a +0 ring mail.
Found a book of Geomancy.
You now have 62 gold pieces (gained 7).
You now have 75 gold pieces (gained 13).
You now have 82 gold pieces (gained 7).
A bat comes into view.
A bat is nearby!
A bat is nearby!
A bat is nearby!
A bat is nearby!
A bat is nearby!
Casting: Sandblast (safe; 4% risk of failure)
Confirm with . or Enter, or press ? or * to list all spells.
Aiming: Sandblast (safe; 4% risk of failure)
Press: ? - help, Shift-Dir - straight line, f - bat
Aim: a bat (asleep, 100% to hit)
The blast of sand hits the bat.
You kill the bat!
Unknown command.
Press: ? - help, v - describe, . - travel The floor.
There is a staircase leading out of the dungeon here.
Are you sure you want to leave the Dungeon?
This will make you lose the game!
You have escaped!

....####.# #..#
##.#####.#.#
.######### #####.#
#..# #...# ...##..^#
##..##.###..# #....
###..#..#
###..#..#.##..# #....
.##....###.
##§.##.###.#####.#..
####.≈.##.####.##.###
#)......#..
....##≈.#.#...#..#.#
###...###>.
####§..#.#..######.#
##.####..
###.##.#.####...@#.#
#.......
.#§#≈####.###....##.
#...####
##.#≈#.#...#.##..# #
##...# ###
#.#.###.#.#..######
#[...# #
####..####.##§≈≈.§#
#.#..# #
#.....#.##§[.§§#
#.#..# #
#.#.#≈...##≈..≈§#
#.#..# ####
##################
#.#..# ##.###.#
###...####### #.#..#


There were no monsters in sight!

Vanquished Creatures
  2 worms
  3 dart slugs (D:1)
  4 ball pythons
  An endoplasm (D:1)
  A goblin (D:2)
  3 hobgoblins
  2 jackals (D:1)
  3 bats (D:1)
  A frilled lizard (D:1)
  3 rats (D:1)
23 creatures vanquished.

Notes
Turn   | Place    | Note
-------+----------+-------------------------------------------
     0 | D:1      | protoss039 the Demonspawn Earth Elementalist began the
                  | quest for the Orb.
     0 | D:1      | Reached XP level 1. HP: 13/13 MP: 3/3
   542 | D:2      | Gained mutation: You have a pair of small horns on your
                  | head. [demonic ancestry]
   542 | D:2      | Reached XP level 2. HP: 8/20 MP: 0/5
   774 | D:1      | HP: 1/20 [frilled lizard (2)]
   775 | D:1      | Reached skill level 1 in Fighting
  1082 | D:1      | Reached skill level 3 in Earth Magic
  1372 | D:1      | Reached XP level 3. HP: 26/26 MP: 3/6
  1857 | D:$      | Got out of the dungeon alive.

Illustrated notes

Levels and vault maps discovered:
D:1:      dpeg_arrival_brainrot, layout_loops_ring
D:2:      layout_basic, ebering_ecumenical_altar_petrified

Skill      XL: |  1  2 |
---------------+-------+-----
Fighting       | 1 |  1.4
Earth Magic    | 3 |  3.1
Dodging        | |  1.7
Stealth        | |  1.7
Spellcasting   | |  2.5
Transmutations | |  0.8

Action                   || total
-------------------------++-------
Melee: Club              ||    10
       Unarmed           ||     2
       Headbutt          ||     3
 Cast: Sandblast         ||    42
Armor: Robe              ||     8
Dodge: Dodged            ||    26
